Map: [ESL] Goldenaura

Players

MeomaikA

  • Race: Zerg Zerg
  • Spawn Location: 5:00

Silky - Winner!

  • Race: Zerg Zerg
  • Spawn Location: 12:00

Event: ESL SC2 Masters 2024 Spring (Regional)

VOD

Have the link to the VOD?

Description

Time

  • Played on: April 14, 2024, 10:11 a.m.
  • Length: 10:32

All games in this series

Show
View Real Time Build Order
Export as new Build Order

MeomaikA Zerg 

Build Orders: Pool First 

Get SALT Encoding   

  12  0:00  Drone  
  13  0:12  Overlord  
  13  0:17  Drone  
  14  0:31  Drone x2  
  14  0:34  Drone  
  17  0:44  Spawning Pool  
  17  0:47  Drone  
  17  1:07  Hatchery  
  17  1:10  Drone  
  17  1:12  Extractor  
  17  1:15  Drone  
  17  1:19  Drone  
  18  1:28  Drone  
  18  1:32  Queen  
  21  1:39  Overlord  
  21  1:50  Drone  
  22  2:00  Drone  
  23  2:07  Queen  
  25  2:11  Drone  
  26  2:16  Metabolic Boost  
  26  2:19  Drone  
  26  2:22  Zergling x2  
  28  2:34  Hatchery  
  28  2:35  Drone  
  28  2:36  Drone  
  29  2:39  Drone  
  30  2:44  Drone x2  
  32  2:54  Roach Warren  
  32  2:55  Zergling x2  
  32  3:00  Overlord  
  32  3:04  Zergling x2  
  33  3:06  Zergling x2  
  33  3:09  Zergling x2  
  33  3:12  Overlord  
  35  3:18  Spine Crawler  
  34  3:21  Zergling x4  
  34  3:24  Zergling x2  
  37  3:34  Roach x5  
  47  3:41  Roach  
  47  3:44  Roach  
  47  3:47  Roach  
  52  3:51  Roach  
  52  3:52  Roach, Zergling x2  
  49  3:55  Zergling x2  
  49  4:02  Zergling x2  
  41  4:04  Zergling x2  
  40  4:11  Zergling x2  
  40  4:14  Zergling x2  
  36  4:22  Zergling x2  
  35  4:26  Queen  
  35  4:29  Zergling x2  
  38  4:33  Roach  
  40  4:45  Roach x2  
  44  4:51  Roach  
  44  4:54  Roach  
  44  4:57  Zergling x2  
  42  5:05  Zergling x2  
  39  5:07  Zergling x2  
  39  5:14  Ravager  
  36  5:15  Zergling x2  
  36  5:17  Queen  
  36  5:18  Zergling x2  
  42  5:28  Zergling x2  
  42  5:33  Zergling x2  
  44  5:44  Roach x2  
  44  5:45  Roach  
  44  5:49  Drone  
  50  5:51  Drone  
  50  5:55  Drone  
  50  5:58  Drone  
  50  6:01  Roach  
  50  6:02  Overlord  
  51  6:11  Overlord  
  51  6:14  Extractor  
  51  6:15  Roach  
  52  6:23  Roach x3  
  58  6:25  Zergling x2  
  58  6:27  Zergling x2  
  58  6:30  Zergling x4  
  62  6:34  Zergling x2  
  62  6:36  Zergling x2  
  62  6:38  Zergling x2  
  65  6:43  Zergling x2  
  65  6:45  Zergling x2  
  65  6:48  Zergling x2  
  65  6:49  Zergling x2  
  67  6:58  Zergling x2, Overlord  
  68  7:06  Zergling x4  
  68  7:07  Zergling x2  
  66  7:08  Zergling x2  
  66  7:11  Zergling x2  
  52  7:17  Zergling x4  
  52  7:20  Zergling x2  
  52  7:21  Zergling x2  
  50  7:26  Zergling x2  
  50  7:27  Ravager  
  52  7:30  Ravager x2  
  52  7:34  Roach  
  56  7:39  Roach  
  56  7:43  Roach  
  60  7:47  Roach  
  60  7:50  Roach  
  64  7:54  Roach  
  66  7:58  Zergling x4  
  66  8:00  Zergling x2  
  66  8:05  Roach  
  71  8:10  Roach  
  73  8:13  Zergling x4  
  75  8:22  Overlord  
  75  8:26  Overlord  
  75  8:38  Overlord  
  75  8:42  Roach x3  
  75  8:43  Zergling x6  
  84  8:57  Zergling x6  
  84  8:58  Zergling x4  
  89  9:04  Zergling x2  
  89  9:06  Zergling x2  
  88  9:15  Zergling x2  
  88  9:16  Zergling x2  
  90  9:21  Zergling x4  
  92  9:37  Zergling x4  
  90  9:39  Zergling x2  
  90  9:41  Zergling x6  
  90  9:43  Zergling x2  
  79  9:48  Zergling x2  
  79  9:52  Zergling x4  
  72  9:53  Zergling x2  
  72  9:54  Zergling x4  
  72  9:55  Zergling x4  
  66  10:03  Zergling x4  
  56  10:13  Roach  
Show
View Real Time Build Order
Export as new Build Order

Silky Zerg - Winner!

Build Orders: Hatch First 

Get SALT Encoding   

  12  0:00  Drone  
  13  0:12  Overlord  
  13  0:19  Drone  
  14  0:32  Drone x2  
  16  0:48  Hatchery  
  15  0:51  Drone  
  15  0:55  Drone  
  17  0:59  Drone  
  18  1:05  Extractor  
  17  1:14  Spawning Pool  
  17  1:17  Drone  
  17  1:20  Drone  
  18  1:28  Drone  
  19  2:01  Zergling x2, Queen x2  
  20  2:02  Zergling x6  
  20  2:05  Metabolic Boost  
  27  2:13  Overlord  
  27  2:15  Zergling x2  
  28  2:26  Baneling Nest  
  28  2:29  Zergling x2  
  28  2:32  Zergling x2  
  28  2:33  Zergling x2  
  28  2:36  Zergling x2  
  31  2:44  Overlord  
  31  2:46  Zergling x2  
  32  2:54  Zergling x2  
  32  2:57  Zergling x2  
  34  3:05  Zergling x2  
  35  3:08  Zergling x2  
  35  3:11  Baneling x2  
  36  3:13  Zergling x4  
  36  3:17  Zergling x2  
  39  3:21  Zergling x4  
  39  3:25  Zergling x2  
  42  3:31  Baneling  
  42  3:32  Zergling x2  
  42  3:34  Zergling x2  
  40  3:50  Zergling x2  
  40  3:51  Zergling x6  
  39  3:58  Zergling x6  
  38  4:03  Zergling x4  
  39  4:11  Zergling x4  
  39  4:16  Zergling x2  
  40  4:23  Drone x3  
  41  4:25  Baneling x2  
  41  4:31  Baneling  
  41  4:33  Baneling  
  41  4:34  Drone  
  42  4:44  Roach Warren  
  41  4:52  Drone  
  38  5:00  Drone x5  
  35  5:18  Overlord  
  34  5:23  Drone  
  34  5:24  Roach x4  
  43  5:32  Overlord  
  43  5:37  Extractor  
  43  5:39  Roach x3  
  48  5:46  Roach  
  48  5:48  Roach  
  51  5:58  Roach x3  
  51  6:02  Roach  
  59  6:05  Overlord  
  58  6:12  Overlord  
  58  6:13  Zergling x2  
  59  6:20  Zergling x2  
  60  6:28  Zergling x8  
  60  6:31  Zergling x2  
  65  6:33  Zergling x2  
  65  6:35  Zergling x2  
  65  6:38  Zergling x2  
  68  6:43  Zergling x4  
  69  6:48  Ravager x3  
  69  6:50  Zergling x2  
  73  6:55  Drone x2  
  75  7:05  Drone x2  
  68  7:12  Drone  
  68  7:14  Roach x2  
  60  7:17  Roach  
  60  7:20  Roach  
  58  7:23  Roach  
  58  7:27  Drone x2  
  61  7:32  Roach  
  61  7:34  Roach  
  65  7:39  Roach  
  65  7:42  Drone  
  65  7:43  Drone  
  69  7:46  Ravager  
  70  7:59  Hatchery  
  70  8:00  Overlord  
  70  8:03  Overlord  
  69  8:12  Overlord  
  69  8:15  Evolution Chamber  
  69  8:18  Overlord  
  68  8:21  Drone x3  
  68  8:24  Roach  
  75  8:27  Roach  
  75  8:30  Overlord  
  75  8:37  Roach x2  
  79  8:44  Roach x2  
  83  8:49  Roach x2  
  87  8:58  Drone  
  87  9:01  Roach x2  
  92  9:07  Roach x2  
  96  9:13  Overlord  
  96  9:14  Overlord  
  96  9:19  Roach x2  
  96  9:22  Roach  
  102  9:26  Roach  
  102  9:29  Roach  
  106  9:31  Baneling  
  106  9:35  Baneling  
  106  9:43  Roach x3  
  91  9:47  Zergling x10  
  89  9:54  Roach x2  
  83  10:05  Roach x3  
  83  10:11  Zergling x10  
Tags
 
Add a new tag
Caveats
  • Supply blocks, unpowered buildings, or Contaminate may cause inaccurate times.
  • Supply counts are checked every 10 seconds.